Cogmind - Beta 10.2 @@@ ROGUE MODE // 2022.02.24 @ 07:23:59 Player: woegarden Result: Destroyed by Y-45 Defender with Heavy Assault Rifle Performance ------------- Evolutions (1) 500 Regions Visited (2) 400 Robots Destroyed (3) 15 Value Destroyed (107) 107 Prototype IDs (0) 0 Alien Tech Used (0) 0 Bonus (0) 0 TOTAL SCORE: 1022 Bonus ------- None Cogmind --------- Core Integrity 0/400 Matter 136/300 Energy 100/100 System Corruption 0% Temperature Cool (9) Movement Core (200) Ox3 Location -9/Materials Parts ------- > --- POWER (1) -------- (None) > --- PROPULSION (4) --- (None) > --- UTILITY (2) ------ Small Storage Unit > --- WEAPON (2) ------- Rocket Launcher Flail > --- INVENTORY (6) ---- Light Treads Light Treads Assault Rifle Assault Rifle Assault Rifle Assault Rifle Peak State ------------ > --- POWER ------------ Ion Engine > --- PROPULSION ------- Aluminum Leg Aluminum Leg > --- UTILITY ---------- Small Storage Unit > --- WEAPON ----------- EM Pulse Gun Light Assault Rifle > --- INVENTORY -------- Light Treads Light Treads Light Assault Rifle [Rating: 6] Favorites ----------- Power Ion Engine Engine Ion Engine Propulsion Aluminum Leg Leg Aluminum Leg Utility Small Storage Unit Storage Small Storage Unit Weapon Light Assault Rifle Energy Gun EM Pulse Gun Ballistic Gun Light Assault Rifle Launcher Rocket Launcher Impact Weapon Flail Build | -11 -10 -9 ------- Run | Scr Mat Mat Slots Evolved 2 | . . 2 Power . | . . . Propulsion 2 | . . 2 Utility . | . . . Weapon . | . . . Parts Attached 11 | 6 1 4 Power 2 | 2 . . Engine 2 | 2 . . Core . | . . . Reactor . | . . . Propulsion 3 | 1 1 1 Treads . | . . . Leg 3 | 1 1 1 Wheel . | . . . Hover . | . . . Flight . | . . . Utility 1 | 1 . . Device . | . . . Storage 1 | 1 . . Processor . | . . . Hackware . | . . . Protection . | . . . Artifact . | . . . Weapon 5 | 2 . 3 Energy Gun 1 | 1 . . Energy Cannon . | . . . Ballistic Gun 2 | 1 . 1 Ballistic Cannon . | . . . Launcher 1 | . . 1 Special Weapon . | . . . Impact Weapon 1 | . . 1 Slashing Weapon . | . . . Piercing Weapon . | . . . Special Melee Weapon . | . . . Unidentified Prototypes . | . . . Parts Lost 7 | . 2 5 Power 1 | . . 1 Propulsion 3 | . . 3 Utility . | . . . Weapon 3 | . 2 1 Highest Loss Streak 5 | . 2 5 Average Slot Usage (%) 60 | . 76 38 Engine 10 | . 14 6 Leg 20 | . 21 18 Storage 12 | . 14 11 Energy Gun 7 | . 13 . Ballistic Gun 8 | . 12 2 Naked Turns . | . . . Heaviest Build 12 | 12 12 10 Greatest Support 30 | 10 20 30 Greatest Overweight (x) 1 | 1 1 1 Average Overweight (x) . | . . . Largest Inventory Capacity 6 | 6 6 6 Average Capacity 5 | 5 6 6 Most Carried 6 | 4 6 6 Average Carried 4 | 3 4 4 Final Capacity 6 | 6 6 6 Final Carried 6 | 4 6 6 Class Distribution -------------------- 100% | Mutant Dominant Class ---------------- Mutant | -10/Materials Mutant | -9/Materials Resources | -11 -10 -9 ----------- Run | Scr Mat Mat Matter Collected 167 | 117 . 50 Remotely . | . . . Salvage Created 120 | 50 39 31 Parts 7 | 1 3 3 Haulers Intercepted . | . . . Recyclers Shooed . | . . . Parts Field Recycled . | . . . Retrieved Matter . | . . . Parts Self-Destructed . | . . . Prevented . | . . . Kills | -11 -10 -9 ------- Run | Scr Mat Mat Combat Hostiles Destroyed 2 | . 1 1 Guns 1 | . 1 . AOE 1 | . . 1 Classes Destroyed 2 | 1 1 . Recycler 1 | 1 . . Grunt 2 | . 1 1 Best Kill Streak 1 | 1 1 1 Combat Bots Only 1 | . 1 1 Max Kills in Single Turn 1 | 1 1 1 Gunslinging . | . . . Exploded 1 | . . 1 Melee . | . . . Uniques/NPCs Destroyed . | . . . Combat | -11 -10 -9 -------- Run | Scr Mat Mat Damage Taken 1164 | 32 335 797 Core 528 | . 120 408 Absorbed by Shields . | . . . Core Remaining (%) 76 | 100 52 . Volleys Fired 28 | 6 4 18 Largest 2 | 2 2 1 Hottest 60 | 60 60 33 Shots Fired 38 | 12 8 18 Gun 35 | 12 8 15 Cannon . | . . . Launcher 3 | . . 3 Special . | . . . Kinetic 25 | 6 4 15 Thermal . | . . . Explosive 3 | . . 3 Electromagnetic 10 | 6 4 . Robot Hit Streak 6 | 2 6 6 Robot Miss Streak 5 | 3 5 2 Penetration Max . | . . . Secondary Targets . | . . . Shots Hit Robots 25 | 6 6 13 Core Hits 14 | 2 2 10 Critical Hits 1 | . . 1 Critical Kills . | . . . Critical Parts Destroyed 1 | . . 1 Melee Attacks . | . . . Impact . | . . . Slashing . | . . . Piercing . | . . . Sneak Attacks . | . . . Combat Hostiles . | . . . Follow-up Attacks . | . . . Damage Inflicted 373 | 91 67 215 Guns 216 | 69 67 80 Cannons . | . . . Explosions 150 | 22 . 128 Melee . | . . . Ramming 7 | . . 7 Kinetic 119 | 15 24 80 Thermal 22 | 22 . . Explosive 128 | . . 128 Electromagnetic 97 | 54 43 . Impact . | . . . Slashing . | . . . Piercing . | . . . Highest Corruption . | . . . Average Corruption . | . . . Corruption Purged . | . . . Overload Shots . | . . . Overflow Damage . | . . . Projectiles . | . . . Explosions . | . . . Melee . | . . . Knockbacks . | . . . Impact . | . . . Kinetic . | . . . Secondary . | . . . Self-Inflicted Damage 36 | 32 . 4 Shots 2 | 1 . 1 Rammed 1 | . . 1 Targets Rammed 1 | . . 1 Kicked . | . . . Crushed . | . . . Highest Temperature 52 | 32 52 21 Average Temperature 16 | 15 23 6 Received Heat Transfer 363 | . 42 321 Siege Activations . | . . . Robots Corrupted . | . . . Combat Hostiles . | . . . Parts Fried . | . . . Impact Corruptions . | . . . Robots Melted . | . . . Combat Hostiles . | . . . Parts Melted . | . . . Heat Transferred 50 | 50 . . Parts Sabotaged . | . . . Parts Stolen . | . . . Parts Stripped . | . . . Power Chain Reactions 1 | 1 . . Missiles Intercepted . | . . . Alert | -11 -10 -9 ------- Run | Scr Mat Mat Peak Influence 80 | 5 68 80 Initial 20 | . 3 20 Average 21 | 2 32 15 Maximum Alert Level . | . . . Low Security (%) 100 | 100 100 100 Level 1 . | . . . Level 2 . | . . . Level 3 . | . . . Level 4 . | . . . Level 5 . | . . . High Security . | . . . Max Security . | . . . Squads Dispatched . | . . . Investigation . | . . . Extermination . | . . . Reinforcement . | . . . Assault . | . . . Garrison . | . . . Intercept . | . . . Construction Impeded . | . . . Haulers Reinforced . | . . . Stealth | -11 -10 -9 --------- Run | Scr Mat Mat Distress Signals 2 | . . 2 Communications Jammed . | . . . Distress Signals . | . . . Times Spotted 15 | . 8 7 Peak Tracking Total 5 | . 5 5 Tactical Retreats 2 | . 1 1 Traps | -11 -10 -9 ------- Run | Scr Mat Mat Traps Triggered . | . . . Indirectly . | . . . Trap Hack Attempts . | . . . Triggered . | . . . Disarmed . | . . . Reprogrammed . | . . . Reused . | . . . Traps Extracted . | . . . Installed . | . . . Triggered . | . . . Machines | -11 -10 -9 ---------- Run | Scr Mat Mat Machines Disabled 2 | . . 2 Max in Single Turn 2 | . . 2 Machines Sabotaged . | . . . Garrisons Compromised . | . . . Overloaded Fab Kills . | . . . Fab Network Shutdowns . | . . . Hacking | -11 -10 -9 --------- Run | Scr Mat Mat Machines Accessed 1 | . 1 . Terminals 1 | . 1 . Fabricators . | . . . Repair Stations . | . . . Recycling Units . | . . . Scanalyzers . | . . . Garrison Access . | . . . Total Hacks 1 | . 1 . Successful 1 | . 1 . Failed . | . . . Catastrophic . | . . . Database Lockouts . | . . . Manual . | . . . Terminals 1 | . 1 . Fabricators . | . . . Repair Stations . | . . . Recycling Units . | . . . Scanalyzers . | . . . Garrison Access . | . . . Terminal Hacks 1 | . 1 . Hauler Manifests 1 | . 1 . Fabricator Hacks . | . . . Repair Station Hacks . | . . . Recycling Unit Hacks . | . . . Scanalyzer . | . . . Garrison Access Hacks . | . . . Unauthorized Hacks . | . . . Terminals . | . . . Fabricators . | . . . Repair Stations . | . . . Recycling Units . | . . . Scanalyzers . | . . . Garrison Access . | . . . Data Cores Recovered . | . . . Used . | . . . Hacking Detections . | . . . Full Trace Events . | . . . Feedback Events . | . . . Feedback Blocked . | . . . Robot Schematics Acquired . | . . . Robots Built . | . . . Matter . | . . . Time . | . . . Total Robot Build Rating . | . . . Part Schematics Acquired . | . . . Parts Built . | . . . Matter . | . . . Time . | . . . Total Part Build Rating . | . . . Parts Repaired . | . . . Time . | . . . Parts Recycled . | . . . Recycled Matter . | . . . Retrieved Matter . | . . . Retrieved Components . | . . . Parts Scanalyzed . | . . . Part Schematics Acquired . | . . . Parts Damaged . | . . . Bothacking | -11 -10 -9 ------------ Run | Scr Mat Mat Used RIF Installer . | . . . Robots Hacked . | . . . Non-combat . | . . . Combat . | . . . Robot Hacks Applied . | . . . Relay Couplers Released . | . . . Robots Rewired . | . . . Allies Hacked . | . . . Hacks Repelled . | . . . Allies | -11 -10 -9 -------- Run | Scr Mat Mat Total Allies . | . . . Largest Group . | . . . Highest-Rated Group . | . . . Highest-Rated Ally . | . . . Total Orders . | . . . Ally Attacks . | . . . Total Damage . | . . . Kills . | . . . Allies Corrupted . | . . . Allies Melted . | . . . Intel | -11 -10 -9 ------- Run | Scr Mat Mat Robot Analysis Total . | . . . Derelict Logs Recovered . | . . . Drone Launches . | . . . Drone Recoveries . | . . . Exploration | -11 -10 -9 ------------- Run | Scr Mat Mat Turns Passed 467 | 77 215 175 Spaces Moved 281 | 39 120 122 Core 66 | 7 . 59 Treads . | . . . Legs 215 | 32 120 63 Wheels . | . . . Hover . | . . . Flight . | . . . Fastest Speed 50 | 50 120 100 Average Speed 122 | 123 133 110 Slowest Speed 150 | 150 150 120 Overloaded Moves . | . . . Propulsion Burnouts . | . . . Robots Hopped . | . . . Cave-ins Triggered . | . . . Exploration Rate (%) 21 | 4 38 21 Regions Visited 2 Branch Regions . Pre-discovered Areas . | . . . Known Exits Taken . | . . . Unknown Exits Taken 2 | 1 1 . Scrap Searched . | . . . Spaces Dug . | . . . Terrain Destroyed 12 | . . 12 Melee . | . . . Projectile . | . . . AOE 12 | . . 12 Terrain Rammed . | . . . Walls Destroyed . | . . . Machines Disabled . | . . . Actions | -11 -10 -9 --------- Run | Scr Mat Mat Total 370 | 56 167 147 Wait 40 | . 40 . Move 279 | 38 119 122 Hop . | . . . Pick Up 10 | 5 3 2 Fast Attach 6 | 4 . 2 Attach 4 | 1 1 2 Detach . | . . . Swap 1 | 1 . . Drop 1 | 1 . . Fire 28 | 6 4 18 Melee . | . . . Ram . | . . . Kick 1 | . . 1 Crush . | . . . Escape Stasis . | . . . Rewire . | . . . Trap . | . . . Miscellaneous . | . . . Route ------- -11/Scrapyard -10/Materials (discovered 2 exits: *Mat / [*Min]) -9/Materials History --------- Turn | Location | Event 11 | -11/Scrapyard | Discovered new exit (range 16) 78 | -11/Scrapyard | Entered Materials 84 | -10/Materials | Discovered new exit (range 16) 282 | -10/Materials | Discovered new exit (range 9) 293 | -10/Materials | Entered another Materials area 293 | -9/Materials | Evolved 2 slots: Propulsion x2 314 | -9/Materials | Build established: Mutant 405 | -9/Materials | Core integrity fell below 50% 429 | -9/Materials | Lost 5 parts (1p3n1w) 434 | -9/Materials | Core integrity fell below 20% 468 | -9/Materials | Destroyed by Y-45 Defender with Heavy Assault Rifle Last Messages --------------- 00392_ Lgt. Assault Rifle destroyed. 00394_ Ion Engine destroyed. 00394_ Slammed into G-34 Mercenary. 00395_ G-34 Mercenary destroyed. 00396_ Acquired 50 matter. 00396_ K-01 Serf collects debris. 00398_ Aluminum Leg destroyed. 00400_ K-01 Serf collects debris. 00409_ U-05 Engineer lays Concrete. 00410_ R-06 Scavenger collects Sml. Laser. 00414_ U-05 Engineer lays Concrete. 00418_ K-01 Serf cleans the Fusion Modulator. 00427_ Acquired Assault Rifle. 00429_ W-16 Scout sends out distress signal. 00429_ Acquired Assault Rifle. 00454_ Acquired Flail. 00462_ Acquired Rocket Launcher. 00463_ G-47 Trooper destroyed. 00463_ Processing Tank disabled. 00463_ Atomic Centrifuge disabled. Map ----- +----------------------------------------------------+ | ? ? #???????????????????????????????? | | ? ? #???????????????????????????????? | | ? ? #???????????????????????????????? | | "" """ """ #?????? ???????????????????????? | | "" """ """ #????? ???????????????????????? | | "" """ """ #???? #???????????????????????? | | #??? #????????????????????????? | | #### #????????????????????????? | | "" """ #????????????????????????? | | "" """ #????????????????????????? | | "" """ #????????????????????????? | | [[ !][ #????????????????????????? | | [ !][ #????????????????????????? | | ![[ #????????????????????????? | | #????????????????????????? | | #????????????????????????? | | ############## ###+####????????????????????????? | | ?????????????# # #????????????????????????? | | ?????????????# # #????????????????????????? | | ?????????????# # "" !#????????????????????????? | | ?????????????# YY #????????????????????????? | | ????????????# #????????????????????????? | | ???????????# #????????????????????????? | | ###??????###?# Y ##??????????????????????? | | ###### #?# #??????????????????????? | | #?# = @#??????????????????????? | | #?# #??????????????????????? | | #?# # " !#??????????????????????? | | ###### #?# + """ !!!#??????????????????????? | | ???????? ###?# # """ !!!#??????????????????????? | | ?????????????#####t""" #??????????????????????? | | ?????????????????# #??????????????????????? | | ?????????????????# #??????????????????????? | | ?????????????????##########??????????????????????? | | ?????????????????????????????????????????????????? | | ?????????????????????????????????????????????????? | | ?????????????????????????????????????????????????? | | ?????????????????????????????????????????????????? | | ?????????????????????????????????????????????????? | | ?????????????????????????????????????????????????? | | ?????????????????????????????????????????????????? | | ?????????????????????????????????????????????????? | | ?????????????????????????????????????????????????? | | ?????????????????????????????????????????????????? | | #####????????????????????????????????????????????? | | #????????????????????????????????????????????? | | #????????????????????????????????????????????? | | #????????????????????????????????????????????? | | #????????????????????????????????????????????? | | #????????????????????????????????????????????? | +----------------------------------------------------+ Best States ------------- Heat Dissipation 28 Energy Generation 10 Energy Capacity 250 Matter Stores 189 Matter Capacity 300 Sight Range 16 Terrain Scan Density 10 Evasion (%) 40 Item Schematics ----------------- None Robot Schematics ------------------ None Fabricated ------------ Nothing Alien Tech Used ----------------- None Achievements -------------- None Challenges ------------ None Game ------ Seed LaserShrapnelInitializer Manual? 0 Play Time 00:05:44 Cumulative 43.3 hours Start 2022.02.24 @ 07:19:51 End 2022.02.24 @ 07:23:59 Sessions 1 Manual Loads 0 Difficulty Rogue Special Mode None Game No. 58 Rogue 28 Adventurer 30 Explorer 0 Win Type - Total 0 Types 0/0/0/0/0/0/0/0/0 Lore% 21 Gallery% 35 Achievement% 25 Wizard Run 0 Options --------- ASCII 0 Keyboard 0 Movement Mouse Keybinds 0 Fullscreen 2 Font 16/Proggy Map View 76x50 Tactical HUD 1 Map Filters NONE Filters NONE Steam 1 RUN: 0987b970-1de1-43e1-a4e5-427b74eebece